| TOP OF THE 1ST |
|
Montreal Expos batting - Pitching for Boston Red Sox : RHP Fred Huber
|
|
Pitching: RHP Fred Huber
|
|
|
Batting: RHB Robby Juarez
|
0-0: Called Strike 0-1: Ball 1-1: Ball 2-1: Called Strike 2-2: Ball 3-2: Foul Ball, location: 2F 3-2: Strikes out swinging
|
|
Batting: SHB Pete Barutha
|
0-0: Swinging Strike 0-1: Foul Ball, location: 2F 0-2: Strikes out swinging
|
|
Batting: RHB Mike Salmon
|
0-0: Ball 1-0: Ball 2-0: Foul Ball, location: 2F 2-1: Ground out 1-3 (Groundball, 13, EV 65.0 MPH)
|
| Top of the 1st over - 0 runs, 0 hits, 0 errors, 0 left on base; Montreal 0 - Boston 0 |
| BOTTOM OF THE 1ST |
|
Boston Red Sox batting - Pitching for Montreal Expos : LHP Danny Lawson
|
|
Pitching: LHP Danny Lawson
|
|
|
Batting: SHB Robbie Rogers
|
0-0: Called Strike 0-1: Fly out, F8 (Flyball, 8RD, EV 100.0 MPH)
|
|
Batting: LHB Kevin McCormic Jr.
|
0-0: Called Strike 0-1: Called Strike 0-2: Fly out, F6 (Popup, 6D, EV 72.5 MPH)
|
|
Batting: SHB Mark Rennie
|
0-0: Ball 1-0: Ball 2-0: Called Strike 2-1: Swinging Strike 2-2: Ball 3-2: Strikes out swinging
|
| Bottom of the 1st over - 0 runs, 0 hits, 0 errors, 0 left on base; Montreal 0 - Boston 0 |
| TOP OF THE 2ND |
|
Montreal Expos batting - Pitching for Boston Red Sox : RHP Fred Huber
|
|
Batting: RHB Hugo Bautista
|
0-0: Called Strike 0-1: Fly out, F7 (Flyball, 7, EV 89.4 MPH)
|
|
Batting: LHB Steve Anderson
|
0-0: Ball 1-0: Foul Ball, location: 2F 1-1: Foul Ball, location: 2F 1-2: Foul Ball, location: 2F 1-2: Ball 2-2: Ball 3-2: Strikes out looking
|
|
Batting: RHB Martin Chavez
|
0-0: Called Strike 0-1: Ball 1-1: Called Strike 1-2: Ball 2-2: Foul Ball, location: 2F 2-2: Strikes out swinging
|
| Top of the 2nd over - 0 runs, 0 hits, 0 errors, 0 left on base; Montreal 0 - Boston 0 |
| BOTTOM OF THE 2ND |
|
Boston Red Sox batting - Pitching for Montreal Expos : LHP Danny Lawson
|
|
Batting: SHB Rich Chavez
|
0-0: Ball 1-0: Ball 2-0: Foul Ball, location: 2F 2-1: DOUBLE (Groundball, 5L, EV 103.8 MPH)
|
|
Batting: RHB Chris Lane
|
0-0: Ground out 5-3 (Groundball, 56S, EV 88.1 MPH)
|
|
Batting: RHB Manny Vergara
|
0-0: Called Strike 0-1: Called Strike 0-2: Ball 1-2: Strikes out swinging
|
|
Batting: RHB Nick Esteves
|
0-0: Ball 1-0: Ball 2-0: Foul Ball, location: 2F 2-1: Ball 3-1: Base on Balls
|
|
Batting: LHB Xavier Pittman
|
0-0: Ball 1-0: Ball 2-0: Ball 3-0: Base on Balls Rich Chavez to third Nick Esteves to second
|
|
Batting: RHB Brandon Perris
|
0-0: SINGLE (Line Drive, 4D, EV 101.9 MPH) Rich Chavez scores Nick Esteves to third Xavier Pittman to second Runner from 3rd tries for Home, SAFE, throw by CF to home
|
|
Batting: SHB Robbie Rogers
|
0-0: Ball 1-0: Called Strike 1-1: Foul Ball, location: 2F 1-2: DOUBLE (Line Drive, 9LM, EV 108.8 MPH) Xavier Pittman scores Brandon Perris to third Runner from 3rd tries for Home, SAFE, throw by RF to trailing runner, SAFE at third!
|
|
Batting: LHB Kevin McCormic Jr.
|
0-0: Ball 1-0: Ball 2-0: Ball 3-0: Base on Balls
|
|
Batting: SHB Mark Rennie
|
0-0: Ground out 5-3 (Groundball, 56S, EV 89.4 MPH)
|
| Bottom of the 2nd over - 4 runs, 3 hits, 0 errors, 2 left on base; Montreal 0 - Boston 4 |
| TOP OF THE 3RD |
|
Montreal Expos batting - Pitching for Boston Red Sox : RHP Fred Huber
|
|
Batting: RHB John Ham
|
0-0: Ball 1-0: Foul Ball, location: 2F 1-1: Ball 2-1: Called Strike 2-2: Foul Ball, location: 2F 2-2: Foul Ball, location: 2F 2-2: SINGLE (Groundball, 34D, EV 108.8 MPH)
|
|
Batting: LHB Jimmy Buscemi
|
0-0: Called Strike 0-1: Called Strike 0-2: Foul Ball, location: 2F 0-2: Grounds into double play, 4-6-3 (Groundball, 34D, EV 78.8 MPH)
|
|
Batting: SHB Bran Stark
|
0-0: Called Strike 0-1: Ball 1-1: Ball 2-1: Swinging Strike 2-2: Strikes out swinging
|
| Top of the 3rd over - 0 runs, 1 hit, 0 errors, 0 left on base; Montreal 0 - Boston 4 |
| BOTTOM OF THE 3RD |
|
Boston Red Sox batting - Pitching for Montreal Expos : LHP Danny Lawson
|
|
Batting: SHB Rich Chavez
|
0-0: Called Strike 0-1: Swinging Strike 0-2: Foul Ball, location: 2F 0-2: Ball 1-2: SINGLE (Groundball, 6D, EV 95.6 MPH)
|
|
Batting: RHB Chris Lane
|
0-0: Ball 1-0: Called Strike 1-1: Ball 2-1: Ball 3-1: Base on Balls Rich Chavez to second
|
|
Batting: RHB Manny Vergara
|
0-0: Foul Ball, location: 2F 0-1: Foul Ball, location: 2F 0-2: Ball 1-2: Foul Ball, location: 2F 1-2: Ball 2-2: Foul Ball, location: 2F 2-2: Ball 3-2: Base on Balls Rich Chavez to third Chris Lane to second
|
|
Batting: RHB Nick Esteves
|
0-0: Foul Ball, location: 2F 0-1: Foul Ball, location: 2F 0-2: SINGLE (Line Drive, 8RS, EV 93.8 MPH) Rich Chavez scores Chris Lane to third Manny Vergara to second Runner from 3rd tries for Home, SAFE, throw by CF to home
|
|
Pitching: RHP Tyler Lybrand
|
|
|
Batting: LHB Xavier Pittman
|
0-0: Ball 1-0: Foul Ball, location: 2F 1-1: Ball 2-1: DOUBLE (Groundball, 3L, EV 109.4 MPH) Manny Vergara scores Nick Esteves to third
|
|
Batting: RHB Brandon Perris
|
0-0: Called Strike 0-1: Ball 1-1: Ground out 6-3 (Groundball, 6MD, EV 79.4 MPH) Nick Esteves scores Xavier Pittman to third
|
|
Batting: SHB Robbie Rogers
|
0-0: Ball 1-0: Ball 2-0: Fly out, F6 (Flyball, 56D, EV 89.4 MPH)
|
|
Batting: LHB Kevin McCormic Jr.
|
0-0: Called Strike 0-1: 2-RUN HOME RUN (Flyball, 8LXD, EV 101.3 MPH), Distance : 422 ft
|
|
Batting: SHB Mark Rennie
|
0-0: Ball 1-0: Foul Ball, location: 2F 1-1: Foul Ball, location: 2F 1-2: Fly out, F6 (Popup, 6, EV 64.4 MPH)
|
| Bottom of the 3rd over - 6 runs, 4 hits, 0 errors, 0 left on base; Montreal 0 - Boston 10 |
| TOP OF THE 4TH |
|
Montreal Expos batting - Pitching for Boston Red Sox : RHP Fred Huber
|
|
Batting: RHB Robby Juarez
|
0-0: Foul Ball, location: 2F 0-1: Ball 1-1: Foul Ball, location: 2F 1-2: Ball 2-2: Ball 3-2: Fly out, F9 (Line Drive, 9, EV 85.6 MPH)
|
|
Batting: SHB Pete Barutha
|
0-0: Called Strike 0-1: Swinging Strike 0-2: Ball 1-2: Ball 2-2: Foul Ball, location: 2F 2-2: Ball 3-2: Ground out U3 (Groundball, 3, EV 93.1 MPH)
|
|
Batting: RHB Mike Salmon
|
0-0: Foul Ball, location: 2F 0-1: Foul Ball, location: 2F 0-2: Foul Ball, location: 2F 0-2: Ball 1-2: Ball 2-2: SINGLE (Flyball, 78S, EV 93.8 MPH)
|
|
Batting: RHB Hugo Bautista
|
0-0: Ball 1-0: DOUBLE (Line Drive, 9LS, EV 106.3 MPH) Mike Salmon to third
|
|
Batting: LHB Steve Anderson
|
0-0: Foul Ball, location: 2F 0-1: Ball 1-1: Ball 2-1: Fly out, F7 (Flyball, 7S, EV 83.8 MPH)
|
| Top of the 4th over - 0 runs, 2 hits, 0 errors, 2 left on base; Montreal 0 - Boston 10 |
| BOTTOM OF THE 4TH |
|
Boston Red Sox batting - Pitching for Montreal Expos : RHP Tyler Lybrand
|
|
Batting: SHB Rich Chavez
|
0-0: Called Strike 0-1: Called Strike 0-2: Ball 1-2: Ball 2-2: Ball 3-2: Strikes out swinging
|
|
Batting: RHB Chris Lane
|
0-0: Foul Ball, location: 2F 0-1: Ball 1-1: Ball 2-1: Fly out, F9 (Line Drive, 9, EV 91.3 MPH)
|
|
Batting: RHB Manny Vergara
|
0-0: Called Strike 0-1: Fly out, F7 (Flyball, 7S, EV 78.1 MPH)
|
| Bottom of the 4th over - 0 runs, 0 hits, 0 errors, 0 left on base; Montreal 0 - Boston 10 |
| TOP OF THE 5TH |
|
Montreal Expos batting - Pitching for Boston Red Sox : RHP Fred Huber
|
|
Batting: RHB Martin Chavez
|
0-0: Called Strike 0-1: Foul Ball, location: 2F 0-2: Ball 1-2: Ball 2-2: Ball 3-2: SINGLE (Groundball, 6D, EV 103.8 MPH)
|
|
Batting: RHB John Ham
|
0-0: Foul Ball, location: 2F 0-1: Hit by Pitch Martin Chavez to second
|
|
Batting: LHB Jimmy Buscemi
|
0-0: Ball 1-0: Called Strike 1-1: 3-RUN HOME RUN (Flyball, 9LD, EV 93.1 MPH), Distance : 326 ft
|
|
Batting: SHB Bran Stark
|
0-0: Ball 1-0: Foul Ball, location: 2F 1-1: Ball 2-1: Ball 3-1: Swinging Strike 3-2: Fly out, F9 (Flyball, 9S, EV 81.9 MPH)
|
|
Batting: RHB Robby Juarez
|
0-0: Ball 1-0: Foul Ball, location: 2F 1-1: Foul Ball, location: 2F 1-2: Foul Ball, location: 2F 1-2: Ball 2-2: Ground out 6-3 (Groundball, 56, EV 78.1 MPH)
|
|
Batting: SHB Pete Barutha
|
0-0: Ball 1-0: Fly out, F4 (Line Drive, 4D, EV 88.1 MPH)
|
| Top of the 5th over - 3 runs, 2 hits, 0 errors, 0 left on base; Montreal 3 - Boston 10 |
| BOTTOM OF THE 5TH |
|
Boston Red Sox batting - Pitching for Montreal Expos : RHP Tyler Lybrand
|
|
Batting: RHB Nick Esteves
|
0-0: Ball 1-0: Ball 2-0: Foul Ball, location: 2F 2-1: Ball 3-1: Base on Balls
|
|
Batting: LHB Xavier Pittman
|
0-0: Grounds into double play, 4-6-3 (Groundball, 4, EV 88.1 MPH)
|
|
Batting: RHB Brandon Perris
|
0-0: Ball 1-0: Foul Ball, location: 2F 1-1: Ball 2-1: Ball 3-1: Called Strike 3-2: Fly out, F9 (Flyball, 89S, EV 91.9 MPH)
|
| Bottom of the 5th over - 0 runs, 0 hits, 0 errors, 0 left on base; Montreal 3 - Boston 10 |
| TOP OF THE 6TH |
|
Montreal Expos batting - Pitching for Boston Red Sox : RHP Fred Huber
|
|
Pitching: RHP Adam Thomas
|
|
|
Batting: RHB Mike Salmon
|
0-0: Called Strike 0-1: Ball 1-1: Ball 2-1: Swinging Strike 2-2: Strikes out looking
|
|
Batting: RHB Hugo Bautista
|
0-0: Ball 1-0: Ball 2-0: Called Strike 2-1: Called Strike 2-2: Fly out, F5 (Popup, 5SF, EV 83.1 MPH)
|
|
Batting: LHB Steve Anderson
|
0-0: Ball 1-0: Ball 2-0: Called Strike 2-1: Ball 3-1: Called Strike 3-2: Fly out, F8 (Flyball, 8RXD, EV 92.5 MPH)
|
| Top of the 6th over - 0 runs, 0 hits, 0 errors, 0 left on base; Montreal 3 - Boston 10 |
| BOTTOM OF THE 6TH |
|
Boston Red Sox batting - Pitching for Montreal Expos : RHP Tyler Lybrand
|
|
Batting: SHB Robbie Rogers
|
0-0: Fly out, F7 (Flyball, 7D, EV 101.3 MPH)
|
|
Batting: LHB Kevin McCormic Jr.
|
0-0: Ball 1-0: Swinging Strike 1-1: Ball 2-1: Ball 3-1: Swinging Strike 3-2: Base on Balls
|
|
Batting: SHB Mark Rennie
|
0-0: Ball 1-0: Ball 2-0: Ball 3-0: Base on Balls Kevin McCormic Jr. to second
|
|
Pitching: LHP James Fisher
|
|
|
Batting: SHB Rich Chavez
|
0-0: Called Strike 0-1: Foul Ball, location: 2F 0-2: Strikes out swinging
|
|
Batting: RHB Chris Lane
|
0-0: Ground out U3 (Groundball, 34D, EV 93.8 MPH)
|
| Bottom of the 6th over - 0 runs, 0 hits, 0 errors, 2 left on base; Montreal 3 - Boston 10 |
| TOP OF THE 7TH |
|
Montreal Expos batting - Pitching for Boston Red Sox : RHP Adam Thomas
|
|
Batting: RHB Martin Chavez
|
0-0: Ground out 5-3 (Groundball, 56, EV 79.4 MPH)
|
|
Batting: RHB John Ham
|
0-0: Called Strike 0-1: Called Strike 0-2: Strikes out looking
|
|
Batting: LHB Jimmy Buscemi
|
0-0: Swinging Strike 0-1: Foul Ball, location: 2F 0-2: Strikes out swinging
|
| Top of the 7th over - 0 runs, 0 hits, 0 errors, 0 left on base; Montreal 3 - Boston 10 |
| BOTTOM OF THE 7TH |
|
Boston Red Sox batting - Pitching for Montreal Expos : LHP James Fisher
|
|
Batting: RHB Manny Vergara
|
0-0: Foul Ball, location: 2F 0-1: Ground out 6-3 (Groundball, 56, EV 105.6 MPH)
|
|
Batting: RHB Nick Esteves
|
0-0: Ball 1-0: Called Strike 1-1: Ground out 6-3 (Groundball, 6, EV 108.8 MPH)
|
|
Batting: LHB Xavier Pittman
|
0-0: Called Strike 0-1: Called Strike 0-2: Strikes out swinging
|
| Bottom of the 7th over - 0 runs, 0 hits, 0 errors, 0 left on base; Montreal 3 - Boston 10 |
| TOP OF THE 8TH |
|
Montreal Expos batting - Pitching for Boston Red Sox : RHP Adam Thomas
|
|
Batting: SHB Bran Stark
|
0-0: Foul Ball, location: 2F 0-1: Ball 1-1: Foul Ball, location: 2F 1-2: Foul Ball, location: 2F 1-2: Strikes out swinging
|
|
Batting: RHB Robby Juarez
|
0-0: Ball 1-0: Swinging Strike 1-1: Ball 2-1: TRIPLE (Line Drive, 8RXD, EV 106.3 MPH)
|
|
Batting: SHB Pete Barutha
|
0-0: Swinging Strike 0-1: Foul Ball, location: 2F 0-2: Strikes out swinging
|
|
Batting: RHB Mike Salmon
|
0-0: Called Strike 0-1: Ball 1-1: Fly out, F2 (Popup, 3SF, EV 76.3 MPH)
|
| Top of the 8th over - 0 runs, 1 hit, 0 errors, 1 left on base; Montreal 3 - Boston 10 |
| BOTTOM OF THE 8TH |
|
Boston Red Sox batting - Pitching for Montreal Expos : LHP James Fisher
|
|
Batting: RHB Brandon Perris
|
0-0: Ball 1-0: Called Strike 1-1: Foul Ball, location: 2F 1-2: Strikes out swinging, 2-3 out at first.
|
|
Batting: SHB Robbie Rogers
|
0-0: Ball 1-0: Foul Ball, location: 2F 1-1: Ball 2-1: Foul Ball, location: 2F 2-2: SOLO HOME RUN (Flyball, 7D, EV 108.8 MPH), Distance : 411 ft
|
|
Batting: LHB Kevin McCormic Jr.
|
0-0: Ball 1-0: Ball 2-0: Swinging Strike 2-1: Called Strike 2-2: Strikes out swinging
|
|
Batting: SHB Mark Rennie
|
0-0: Fly out, F3 (Popup, 34, EV 76.9 MPH)
|
| Bottom of the 8th over - 1 run, 1 hit, 0 errors, 0 left on base; Montreal 3 - Boston 11 |
| TOP OF THE 9TH |
|
Montreal Expos batting - Pitching for Boston Red Sox : RHP Adam Thomas
|
|
Batting: RHB Hugo Bautista
|
0-0: Ball 1-0: Swinging Strike 1-1: Foul Ball, location: 2F 1-2: Strikes out swinging
|
|
Batting: LHB Steve Anderson
|
0-0: Ball 1-0: Ground out U3 (Groundball, 34S, EV 86.3 MPH)
|
|
Batting: RHB Martin Chavez
|
0-0: Ball 1-0: Swinging Strike 1-1: Swinging Strike 1-2: Ball 2-2: Foul Ball, location: 2F 2-2: Strikes out looking
|
| Top of the 9th over - 0 runs, 0 hits, 0 errors, 0 left on base; Montreal 3 - Boston 11 |
|